 Dungeon Crawl Stone Soup version 0.15-a0-1632-gd490d05 (webtiles) character file.

2382 Kenran the Martial Artist (level 9, -2/50 HPs)
             Began as a Tengu Monk on June 21, 2014.
             Slain by an orc warrior
             ... wielding a +0 hand axe
              (21 damage)
             ... on Level 8 of the Dungeon.
             The game lasted 00:38:29 (9147 turns).

Kenran the Martial Artist (Tengu Monk)              Turns: 9147, Time: 00:38:29

HP  -2/50        AC  4     Str 11      XL: 9   Next: 45%
MP  12/12        EV 14     Int 12      God:
Gold 308         SH  0     Dex 19      Spells:  0 memorised,  8 levels left

rFire  + . .     SeeInvis .       - Unarmed
rCold  . . .     Clarity  .     I - +0 robe
rNeg   . . .     rCorr    .     (no shield)
rPois  +         rRot     .     (helmet restricted)
rElec  .         Spirit   .     j - +1 cloak
SustAb .         Warding  .     (no gloves)
rMut   .         Stasis   .     (boots unavailable)
Gourm  .                        (no amulet)
MR     .....                    v - ring of poison resistance
                                e - ring of protection from fire

@: not resistant to hostile enchantments, unstealthy
A: able to fly, beak, talons 3
a: Fly


You were on level 8 of the Dungeon.
You were not hungry.

You visited 2 branches of the dungeon, and saw 9 of its levels.

You collected 308 gold pieces.

Inventory:

Armour
 j - a +1 cloak (worn)
 I - a +0 robe (worn)
Magical devices
 h - a wand of digging (16) {unknown}
 q - a wand of polymorph (19) {unknown}
 B - a wand of cold (3) {unknown}
 J - a wand of fireball (5) {unknown}
Comestibles
 a - 6 slices of pizza
 b - 8 bread rations
 n - 7 meat rations
 z - 6 beef jerkies
Scrolls
 c - 2 scrolls of identify
 f - 4 scrolls of enchant armour
 i - 3 scrolls of remove curse
 l - 2 scrolls of blinking
 m - 5 scrolls of teleportation
 p - 3 scrolls of amnesia
 s - 2 scrolls of recharging
 y - a scroll of vulnerability
 C - a scroll of enchant weapon
Jewellery
 e - a ring of protection from fire (left hand)
 g - an uncursed ring of fire
 r - an uncursed amulet of guardian spirit
 v - a ring of poison resistance (right hand)
Potions
 d - 2 potions of resistance
 k - 2 potions of might {unknown}
 t - a potion of haste
 u - a potion of agility {unknown}
 A - a potion of curing {unknown}
 D - a potion of heal wounds
 G - a potion of lignification {unknown}
 H - a potion of restore abilities {unknown}
Books
 o - a book of Spatial Translocations

   Spells                             Type                      Level
   Apportation                        Translocation                1
   Blink                              Translocation                2
   Shroud of Golubria                 Charms/Translocation         2
   Portal Projectile                  Translocation                3
   Teleport Other                     Translocation                3
   Passage of Golubria                Translocation                4


   Skills:
 - Level 3.0 Fighting
 + Level 3.8 Dodging
 - Level 2.0 Stealth
 - Level 13.5 Unarmed Combat


You had 8 spell levels left.
You didn't know any spells.

Dungeon Overview and Level Annotations

Branches:
Dungeon (8/15)             Temple (1/1) D:6
   Lair: D:8-11

Altars:
Ashenzari
Cheibriados
Elyvilon
Fedhas
Gozag
Kikubaaqudgha
Nemelex Xobeh
Sif Muna
Vehumet
Xom
Yredelemnul
Zin
The Shining One
Jiyva

Shops:
D:7 *

Annotations:
D:7 cosh's ghost, experienced HESk


Innate Abilities, Weirdness & Mutations

You can fly.
You have a beak for a mouth.
You have claws for feet.


Message History

The orc wizard misses you.
You hit the orc wizard. Your kick misses the orc wizard.
You peck the orc wizard.
The orc wizard is heavily wounded.
The orc wizard hits you with a runed trident!
You closely miss the orc wizard.
You claw the orc wizard, but do no damage.
The orc wizard is heavily wounded.
The orc warrior drinks a potion.
The orc warrior goes berserk!
You closely miss the orc wizard. You claw the orc wizard.
The orc wizard is heavily wounded.
The orc wizard hits you with a runed trident!
An orc comes into view. It is wielding a club.
You punch the orc wizard!
You kill the orc wizard!
The orc warrior barely misses you.
An orc comes into view. It is wielding a trident.
The orc shouts!
The orc warrior hits you with a hand axe!!
You die...

≈# ...# ≈≈# ..# ≈#≈≈≈ o.#
≈≈≈≈#≈##.##### #.
≈#≈≈≈;≈≈#.....#
#.#≈≈≈≈≈≈≈≈≈o# #.#
#.##≈≈#≈#≈##.# #.#
##..#≈≈≈≈≈ #).###.#
#...#{#≈≈;##o@....#
.###.....####....##..######
.................##.......#
#...<.....#..###.#####.#
#..<#.###........# #.#
##+##.# ########.# #.# #.#
#.# #.# #.# ### #.#####.#
##. ....###..<....#


You could see an orc warrior (berserk) and 2 orcs.

Vanquished Creatures
  A hog (D:7)
  A human (D:7)
  Edmund (D:7)
  Menkaure (D:4)
  An orc warrior (D:7)
  2 sky beasts
  2 centaurs
  5 giant frogs
  A scorpion (D:8)
  3 wights (D:6)
  A goliath beetle (D:7)
  A crimson imp (D:5)
  5 orc priests
  Crazy Yiuf (D:4)
  2 hounds (D:5)
  2 jellies
  3 worker ants (D:4)
  An iguana (D:7)
  5 orc wizards
  3 sheep (D:7)
  An ogre skeleton (D:6)
  A hound skeleton (D:6)
  A hound zombie (D:7)
  6 gnolls
  4 adders
  6 worms
  An ooze (D:3)
  18 orcs
  10 hobgoblins
  14 kobolds
  2 ball pythons (D:4)
  18 bats
  3 giant cockroaches
  4 giant geckos
  4 giant newts
  A gnoll skeleton (D:4)
  11 goblins
  A hobgoblin skeleton (D:4)
  7 jackals (D:1)
  A jackal zombie (D:5)
  2 orc skeletons
  2 quokkas
  17 rats
177 creatures vanquished.

Vanquished Creatures (others)
  A crimson imp (D:6)
  A hound (D:6)
  A gnoll (D:6)
  An orc (D:6)
  A bat skeleton (D:6)
  A rat (D:6)
6 creatures vanquished.

Grand Total: 183 creatures vanquished

Notes
Turn   | Place    | Note
--------------------------------------------------------------
     0 | D:1      | Kenran, the Tengu Monk, began the quest for the Orb.
     0 | D:1      | Reached XP level 1. HP: 14/14 MP: 1/1
   369 | D:1      | Reached XP level 2. HP: 10/19 MP: 3/3
   474 | D:1      | Reached skill level 5 in Unarmed Combat
   658 | D:1      | Reached XP level 3. HP: 9/23 MP: 4/4
  1316 | D:1      | Found a glowing golden altar of the Shining One.
  1921 | D:2      | Reached skill level 6 in Unarmed Combat
  1921 | D:2      | Reached XP level 4. HP: 28/28 MP: 5/5
  2189 | D:2      | Noticed a centaur
  2205 | D:2      | Killed a centaur
  2205 | D:2      | Reached skill level 7 in Unarmed Combat
  2205 | D:2      | Reached XP level 5. HP: 21/32 MP: 7/7
  3330 | D:3      | Reached XP level 6. HP: 32/37 MP: 8/8
  3566 | D:3      | Reached skill level 8 in Unarmed Combat
  3729 | D:4      | Noticed Menkaure
  4276 | D:4      | Reached skill level 9 in Unarmed Combat
  4276 | D:4      | Reached XP level 7. HP: 38/41 MP: 9/9
  4367 | D:4      | Killed Menkaure
  4837 | D:4      | Noticed Crazy Yiuf
  4843 | D:4      | Killed Crazy Yiuf
  4967 | D:5      | Entered Level 5 of the Dungeon
  5004 | D:5      | Found a shattered altar of Ashenzari.
  5223 | D:5      | Reached skill level 10 in Unarmed Combat
  5682 | D:5      | Found a glowing golden altar of the Shining One.
  6004 | D:6      | Found a shimmering altar of Xom.
  6168 | D:6      | Reached XP level 8. HP: 35/46 MP: 11/11
  6354 | D:6      | Reached skill level 11 in Unarmed Combat
  6648 | D:6      | Got a shimmering robe
  6827 | D:6      | Identified the cursed -5 robe of the Four of Swords {+Fly rPois} (You found it on level 6 of the Dungeon)
  6855 | D:6      | Found a staircase to the Ecumenical Temple.
  6864 | Temple   | Entered the Ecumenical Temple
  7772 | D:7      | Found a basalt altar of Yredelemnul.
  7777 | D:7      | Noticed Edmund
  7789 | D:7      | Killed Edmund
  7789 | D:7      | Reached skill level 12 in Unarmed Combat
  8056 | D:7      | Found Klyx's Elemental Accessories.
  8063 | D:7      | Reached XP level 9. HP: 50/50 MP: 12/12
  8181 | D:7      | Noticed cosh's ghost (experienced HESk)
  8433 | D:7      | Found a blossoming altar of Fedhas.
  8435 | D:7      | Found a glowing golden altar of the Shining One.
  8436 | D:7      | Found a glowing silver altar of Zin.
  8619 | D:7      | Reached skill level 13 in Unarmed Combat
  9100 | D:8      | HP: 1/50 [electric eel/bolt of electricity (13)]
  9147 | D:8      | Slain by an orc warrior

Action                   |  1- 3 |  4- 6 |  7- 9 || total
-------------------------+-------+-------+-------++-------
Melee: Unarmed           |   100 |   152 |   250 ||   502
 Abil: Fly               |       |     1 |    10 ||    11
  Use: Scroll            |     7 |     5 |    11 ||    23
       Potion            |       |     2 |     2 ||     4
 Stab: Sleeping          |     2 |     7 |     2 ||    11
       Distracted        |       |       |     1 ||     1
